 Dungeon Crawl Stone Soup version 0.25-a0-504-g768f60da87 (webtiles) character file.

Game seed: 2253056933301325589, levelgen mode: deterministic

10453 Kohma the Slicer (level 11, -6/84 HPs)
             Began as a Purple Draconian Ice Elementalist on Feb 14, 2020.
             Was a Believer of Vehumet.
             Mangled by a vampire (9 damage)
             ... on level 11 of the Dungeon.
             The game lasted 00:31:25 (11265 turns).

Kohma the Slicer (DrIE)                            Turns: 11265, Time: 00:31:26

Health: -6/84      AC: 11    Str: 20    XL:     11   Next: 36%
Magic:  20/27      EV: 13    Int: 22    God:    Vehumet [**....]
Gold:   634        SH:  0    Dex: 11    Spells: 4/20 levels left

rFire    . . .     SeeInvis .   f - +11 short sword of Darkness {freeze, Str+4}
rCold    . . .     Gourm    .   (no shield)
rNeg     . . .     Faith    .   (armour unavailable)
rPois    .         Spirit   .   (helmet restricted)
rElec    .         Reflect  .   D - +0 cloak of Immorality {Int+4 Stlth+}
rCorr    +         Harm     .   h - +0 pair of gloves "Ecio" {rCorr MP+9 Str+4}
MR       +....                  y - +1 pair of boots
Stlth    +++.......             (no amulet)
HPRegen  0.24/turn              (no ring)
MPRegen  0.20/turn              (no ring)

@: very slightly contaminated, slowed, very slow
A: breathe power, unfitting armour, cold-blooded, AC +7
a: Breathe Dispelling Energy, Renounce Religion


You were on level 11 of the Dungeon.
You worshipped Vehumet.
Vehumet was pleased with you.
You were near starving.

You visited 2 branches of the dungeon, and saw 12 of its levels.
You also visited: Ossuary.

You collected 634 gold pieces.

Inventory:

Hand Weapons
 f - the +11 short sword of Darkness (weapon) {freeze, Str+4}
   (You found it on level 7 of the Dungeon)

   It has been specially enchanted to freeze those struck by it, causing extra
   injury to most foes and up to half again as much damage against particularly
   susceptible opponents.
   It can also slow down cold-blooded creatures.
   It affects your strength (+4).
 x - the +1 dagger of Indomitability {drain, *Drain rPois Stlth+}
   (You found it on level 4 of the Dungeon)

   A truly terrible weapon, it drains the life of those it strikes.
   It protects you from poison.
   It causes draining when unequipped.
   It makes you more stealthy.
Missiles
 r - 35 poisoned darts (quivered)
Armour
 h - the +0 pair of gloves "Ecio" (worn) {rCorr MP+9 Str+4}
   (You found it on level 9 of the Dungeon)

   It affects your strength (+4).
   It affects your magic capacity (+9).
   It provides partial protection from all sources of acid and corrosion.
   If you remove this armour, your AC will decrease by 1 (11 -> 10).
 y - a +1 pair of boots (worn)
 D - the +0 cloak of Immorality (worn) {Int+4 Stlth+}
   (You found it on level 5 of the Dungeon)

   It affects your intelligence (+4).
   It makes you more stealthy.
   If you remove this armour, your AC will decrease by 1 (11 -> 10).
 F - a +0 kite shield
Jewellery
 s - an uncursed amulet of the acrobat {unknown}
Wands
 g - a wand of disintegration (14)
 q - a wand of enslavement (11)
 z - a wand of polymorph (4)
 B - a wand of iceblast (6)
 C - a wand of scattershot (5)
 E - a wand of paralysis (10)
Scrolls
 d - a scroll of magic mapping
 i - 2 scrolls of enchant weapon
 m - 3 scrolls of immolation
 o - 2 scrolls of teleportation
 p - 4 scrolls of fear
 t - 5 scrolls of remove curse
 G - a scroll of blinking
Potions
 a - 4 potions of flight
 c - 4 potions of lignification
 e - 5 potions of curing
 j - 3 potions of haste
 k - 2 potions of heal wounds
 l - 4 potions of berserk rage
 n - 2 potions of mutation
 u - a potion of brilliance
Comestibles
 b - 18 rations


   Skills:
 - Level 4.2 Fighting
 * Level 10.7 Short Blades
 - Level 3.5 Dodging
 - Level 1.7 Stealth
 + Level 7.3 Shields
 - Level 5.0 Spellcasting
 - Level 1.0 Conjurations
 - Level 3.0 Summonings
 - Level 8.4 Ice Magic
 - Level 2.2 Air Magic
 - Level 6.0 Poison Magic


You had 4 spell levels left.
You knew the following spells:

 Your Spells              Type           Power        Failure   Level  Hunger
b - Frozen Ramparts       Ice            #####.       1%          3    ##.....
c - Summon Ice Beast      Ice/Summ       ####....     10%         4    ####...
d - Mephitic Cloud        Conj/Pois/Air  ###.....     9%          3    ##.....
e - Olgreb's Toxic Radia  Pois           ####....     9%          4    ####...
f - Poisonous Vapours     Pois/Air       ###...       2%          2    None

Your spell library contained the following spells:

 Spells                   Type           Power        Failure   Level  Hunger
 Shock                    Conj/Air       ##..         5%          1    None
 Freeze                   Ice            ####         1%          1    None
 Sting                    Tmut/Pois      ###.         3%          1    None
 Ozocubu's Armour         Chrm/Ice       ###.....     5%          3    ##.....
 Beastly Appendage        Tmut           #.....       10%         1    None
 Ignite Poison            Fire/Tmut/Pois ##......     13%         3    ##.....
 Hailstorm                Conj/Ice       ####....     14%         4    ####...
 Iskenderun's Mystic Bla  Conj/Tloc      #.......     63%         4    ####...
 Alistair's Intoxication  Tmut/Pois      ###.....     63%         5    #####..
 Irradiate                Conj/Tmut      #.........   92%         5    #####..
 Blade Hands              Tmut           #.........   95%         5    #####..


Dungeon Overview and Level Annotations

Branches:
Dungeon (11/15)            Temple (1/1) D:7            Lair (0/6) D:9
Ossuary (visited)
    Orc: D:9-12

Altars:
Ashenzari
Cheibriados
Dithmenos
Elyvilon
Fedhas
Gozag
Hepliaklqana
Kikubaaqudgha
Makhleb
Nemelex Xobeh
Okawaru
Qazlal
Ru
Sif Muna
Trog
Uskayaw
Vehumet
Wu Jian
Xom
Yredelemnul
Zin
The Shining One

Shops:
D:10 :

Annotations:
D:9 2 transporters


Innate Abilities, Weirdness & Mutations

You can breathe bolts of dispelling energy.
Your rich purple scales are hard. (AC +7)
You cannot fit into any form of body armour.
You are cold-blooded and may be slowed by cold attacks.


Message History

Something bites you.
* * * LOW HITPOINT WARNING * * *
Something draws strength from your injuries!
Something hits you but does no damage. Something bites you.
* * * LOW HITPOINT WARNING * * *
Something draws strength from your injuries!
Casting: Olgreb's Toxic Radiance (safe; 9% risk of failure)
Confirm with . or Enter, or press ? or * to list all spells.
You can't see any susceptible monsters within range! (Use Z to cast anyway.)
Something hits you.
* * * LOW HITPOINT WARNING * * *
Something bites you but does no damage.
As you read the scroll of fear, it crumbles to dust.
You assume a fearsome visage.
Nothing appears to happen.
You hear some strange, mumbled words.
Something tries to affect you, but you resist.
Something hits you!
* * * LOW HITPOINT WARNING * * *
Something bites you!
You die...

#....... #......##+#
#......##.# #......##.#
#......##.#
######.(....##.#############
......).....+...............
#.....).....#≈.#############
#.....[####@.≈.≈# #......
#≈.≈.≈≈# ####### #≈≈...≈≈≈#
##≈≈≈≈..≈≈≈≈# #≈≈≈≈≈..≈≈≈≈#
.≈≈≈≈≈≈..≈≈≈≈#
..≈≈≈≈≈≈..≈≈≈≈#
..#≈≈≈≈≈..≈≈≈≈# #≈≈≈≈≈.≈≈≈≈#


There were no monsters in sight!

Vanquished Creatures
  Josephine (D:10)
  3 death yaks (D:9)
  A two-headed ogre (D:9)
  Pikel (D:6)
  A gargoyle (D:10)
  2 hippogriffs
  Sigmund (D:4)
  6 wraiths
  A spriggan (D:10)
  2 wyverns
  4 yaks (D:10)
  A hungry ghost (D:9)
  A porcupine (D:9)
  A sky beast (D:10)
  4 slaves (D:6)
  A black bear (D:7)
  A hornet zombie (D:6)
  2 phantoms
  An eye of draining (D:8)
  4 ogres
  5 centaurs
  5 bullfrogs
  An elf zombie (Ossuary)
  A gnoll sergeant (D:7)
  3 scorpions
  A water moccasin skeleton (D:10)
  3 killer bees (D:10)
  4 wights (D:9)
  2 electric eels (D:11)
  A howler monkey (D:10)
  2 crimson imps
  A centaur zombie (D:7)
  4 hounds
  2 bullfrog zombies
  A human zombie (Ossuary)
  5 orc priests
  7 orc wizards
  A centaur skeleton (D:7)
  9 worker ants
  2 iguanas
  Natasha (thrice) (D:4)
  5 hound zombies
  3 mummies (Ossuary)
  3 worker ant zombies
  A hound skeleton (D:6)
  A howler monkey skeleton (D:7)
  8 gnolls
  6 adders
  A river rat (D:9)
  5 shadow imps
  2 adder zombies (Ossuary)
  3 worms
  3 dart slugs
  5 leopard geckos
  21 orcs
  A ball python (D:3)
  5 bats
  5 giant cockroaches
  3 hobgoblins
  3 jackals (D:4)
  7 kobolds
  5 quokkas
  4 frilled lizards
  13 goblins
  A goblin zombie (Ossuary)
  A jackal zombie (Ossuary)
  A leopard gecko skeleton (D:8)
  2 quokka skeletons
  5 rats
  A rat zombie (Ossuary)
226 creatures vanquished.

Vanquished Creatures (collateral kills)
  An elf zombie (Ossuary)
  A human zombie (Ossuary)
  A mummy (Ossuary)
  A gnoll zombie (Ossuary)
4 creatures vanquished.

Grand Total: 230 creatures vanquished

Notes
Turn   | Place    | Note
-------+----------+-------------------------------------------
     0 | D:1      | Kohma the Draconian Ice Elementalist began the quest for
                  | the Orb.
     0 | D:1      | Reached XP level 1. HP: 14/14 MP: 3/3
   260 | D:1      | Reached XP level 2. HP: 19/20 MP: 5/5
   742 | D:2      | Reached XP level 3. HP: 22/26 MP: 3/6
   767 | D:2      | Found an iron altar of Okawaru.
  1941 | D:3      | Reached skill level 5 in Ice Magic
  1995 | D:3      | Reached XP level 4. HP: 8/33 MP: 1/8
  2100 | D:3      | Learned a level 3 spell: Frozen Ramparts
  2105 | D:3      | Learned a level 4 spell: Summon Ice Beast
  2803 | D:3      | Noticed a bullfrog
  2810 | D:3      | Killed a bullfrog
  2810 | D:3      | Reached skill level 1 in Summonings
  2810 | D:3      | Reached XP level 5. HP: 31/38 MP: 3/9
  2946 | D:4      | Noticed Natasha
  2962 | D:4      | Killed Natasha
  3020 | D:4      | Noticed an ogre
  3035 | D:4      | Killed an ogre
  3035 | D:4      | Reached XP level 6. HP: 45/45 MP: 5/11
  3318 | D:4      | Got a bloodstained dagger
  3328 | D:4      | Identified the cursed +1 dagger of Indomitability {drain,
                  | *Drain rPois Stlth+} (You found it on level 4 of the
                  | Dungeon)
  3352 | D:4      | Noticed a wyvern
  3366 | D:4      | Killed a wyvern
  3366 | D:4      | Your scales start taking on a rich purple colour.
  3366 | D:4      | Reached XP level 7. HP: 21/50 MP: 2/14
  3466 | D:4      | Noticed Natasha
  3478 | D:4      | Killed Natasha
  3649 | D:4      | Reached skill level 5 in Spellcasting
  3758 | D:4      | Noticed Natasha
  3779 | D:4      | Killed Natasha
  4258 | D:4      | Noticed Sigmund
  4274 | D:4      | Killed Sigmund
  4342 | D:4      | Reached skill level 1 in Fighting
  4342 | D:4      | Reached skill level 1 in Short Blades
  4342 | D:4      | Reached XP level 8. HP: 59/59 MP: 9/15
  4756 | D:5      | Entered Level 5 of the Dungeon
  4788 | D:5      | Reached skill level 2 in Short Blades
  5094 | D:5      | Reached skill level 3 in Short Blades
  5096 | D:5      | Reached skill level 1 in Shields
  5686 | D:5      | Got a distressingly furry cloak
  5692 | D:5      | Identified the cursed +0 cloak of Immorality {Int+4 Stlth+}
                  | (You found it on level 5 of the Dungeon)
  5701 | D:5      | Found a glowing silver altar of Zin.
  5854 | D:6      | Noticed Pikel
  5875 | D:6      | Killed Pikel
  5875 | D:6      | Reached skill level 4 in Short Blades
  5875 | D:6      | Reached XP level 9. HP: 28/70 MP: 9/16
  5889 | D:6      | Found a sand-covered staircase.
  5898 | Ossuary  | Entered an ossuary
  5944 | Ossuary  | Reached skill level 5 in Short Blades
  6533 | D:6      | HP: 3/71 [hornet zombie (7)]
  6899 | D:6      | Learned a level 3 spell: Mephitic Cloud
  6904 | D:6      | Learned a level 4 spell: Olgreb's Toxic Radiance
  7228 | D:7      | Reached skill level 1 in Poison Magic
  7233 | D:7      | Found a staircase to the Ecumenical Temple.
  7241 | Temple   | Entered the Ecumenical Temple
  7505 | Temple   | Became a worshipper of Vehumet
  7541 | D:7      | Got a slimy short sword
  7542 | D:7      | Identified the +11 short sword of Darkness {freeze, Str+4}
                  | (You found it on level 7 of the Dungeon)
  7729 | D:7      | Reached skill level 6 in Short Blades
  7729 | D:7      | Reached skill level 1 in Air Magic
  7736 | D:7      | Reached skill level 1 in Conjurations
  7888 | D:7      | Identified Focoat's Collected Works on Excruciating Shape
                  | Shifting
  8446 | D:8      | Reached skill level 7 in Short Blades
  8516 | D:8      | You fall into a shaft and drop 1 floor!
  8516 | D:9      | Found a staircase to the Lair.
  8516 | D:9      | Noticed a death yak
  8516 | D:9      | Noticed a death yak
  8517 | D:9      | Noticed a death yak
  8539 | D:9      | Killed a death yak
  8539 | D:9      | Reached XP level 10. HP: 69/79 MP: 11/17
  8541 | D:9      | Reached skill level 5 in Shields
  8548 | D:9      | Killed a death yak
  8548 | D:9      | Reached * piety under Vehumet
  8548 | D:9      | Offered knowledge of Foxfire by Vehumet.
  8548 | D:9      | Reached skill level 8 in Short Blades
  8550 | D:9      | Killed a death yak
  8803 | D:9      | Learned a level 2 spell: Poisonous Vapours
  8922 | D:9      | Got a pair of ichor-stained gloves
  8928 | D:9      | Identified the cursed +0 pair of gloves "Ecio" {rCorr MP+9
                  | Str+4} (You found it on level 9 of the Dungeon)
  9036 | D:9      | Noticed a fire crab
  9040 | D:9      | Found a transporter.
  9043 | D:9      | Found a transporter.
  9054 | D:9      | Noticed an orc high priest
  9140 | D:9      | Reached skill level 9 in Short Blades
  9342 | D:9      | Noticed a two-headed ogre
  9351 | D:9      | Killed a two-headed ogre
  9351 | D:9      | Reached skill level 5 in Poison Magic
  9489 | D:10     | Entered Level 10 of the Dungeon
  9506 | D:10     | Noticed Josephine
  9526 | D:10     | Killed Josephine
  9527 | D:10     | Reached XP level 11. HP: 41/84 MP: 17/18
  9794 | D:10     | Found Qahih's Book Shop.
  9813 | D:10     | Reached skill level 10 in Short Blades
 10314 | D:10     | Reached ** piety under Vehumet
 10314 | D:10     | Offered knowledge of Shock by Vehumet.
 11265 | D:11     | HP: 3/84 [something (7)]
 11265 | D:11     | Mangled by a vampire

Levels and vault maps discovered:
D:1:      lemuel_arrival_cross, layout_basic
D:2:      layout_loops_corners, okawaru_trees_1
D:3:      layout_loops_ring
D:4:      minmay_spotlight, layout_basic, first_ration, uniq_sigmund,
          uniq_natasha
D:5:      minmay_evil_eye, layout_rooms, lemuel_coloured_pillars_altar
D:6:      layout_rooms, nicolae_ossuary_entry_monument, uniq_pikel
D:7:      layout_loops_ring, minmay_temple_entry_gardened_gates
D:8:      layout_basic, uniq_harold
D:9:      gammafunk_wand_slinger, layout_gridville, dpeg_lair_monsters
D:10:     layout_small_grid, serial_shops, shop_fountains, the_bakery,
          uniq_josephine
D:11:     layout_basic, serial_shops, nicolae_shop_behind_doors,
          kennysheep_generic_room_15
Temple:   roderic_octagonal_lattice_temple

Skill      XL: |  1  2  3  4  5  6  7  8  9 10 11 |
---------------+----------------------------------+-----
Ice Magic      | 5 6 8 |  8.4
Spellcasting   | 3 4 5 |  5.0
Summonings     | 1 2 3 |  3.0
Fighting       | 1 3 4 |  4.2
Short Blades   | 1 4 7 9 10 | 10.7
Dodging        | 2 3 |  3.5
Shields        | 2 4 6 7 |  7.3
Poison Magic   | 3 5 6 |  6.0
Air Magic      | 2 |  2.2
Conjurations   | 1 |  1.0
Stealth        | |  1.7

Action                   |  1- 3 |  4- 6 |  7- 9 | 10-12 || total
-------------------------+-------+-------+-------+-------++-------
Melee: Whip              |    11 |       |       |       ||    11
       Unarmed           |     5 |       |       |       ||     5
       Tailslap          |     7 |     7 |    32 |    12 ||    58
       Short sword       |    40 |    46 |    50 |    99 ||   235
       Dagger            |       |     2 |   201 |       ||   203
Throw: Dart              |     1 |       |     2 |       ||     3
 Cast: Freeze            |    37 |    14 |    10 |       ||    61
       Frozen Ramparts   |       |    19 |    67 |    28 ||   114
       Summon Ice Beast  |       |       |     5 |     3 ||     8
       Poisonous Vapours |       |       |       |     5 ||     5
       Olgreb's Toxic Ra |       |       |       |     6 ||     6
  Use: Potion            |       |     1 |       |     2 ||     3
       Scroll            |       |       |    21 |     7 ||    28
 Stab: Distracted        |     1 |       |       |       ||     1
       Sleeping          |       |       |     5 |     4 ||     9
  Eat: Ration            |     1 |       |     1 |       ||     2
       Chunk             |       |     6 |    18 |    11 ||    35
Armor: Skin              |    19 |    17 |    57 |    38 ||   131
Dodge: Dodged            |    49 |    34 |   104 |    63 ||   250

Table legend:
 A = Non-vault XP
 B = Vault XP
 C = Vault XP percentage of total XP
 D = Non-vault monster count
 E = Vault monster count
 F = Vault count percentage of total count
                 A         B        C        D         E       F
            +---------+---------+-------+---------+---------+-------
      Total |    8603 |    6330 |  42.4 |     190 |      36 |  15.9
            +---------+---------+-------+---------+---------+-------
        D:1 |      36 |       0 |   0.0 |      19 |       0 |   0.0
        D:2 |      18 |       0 |   0.0 |       8 |       0 |   0.0
        D:3 |     230 |       0 |   0.0 |      28 |       0 |   0.0
        D:4 |    1029 |     279 |  21.3 |      26 |       3 |  10.3
        D:5 |     326 |     181 |  35.7 |      11 |       4 |  26.7
        D:6 |     754 |     641 |  45.9 |      16 |       1 |   5.9
        D:7 |     629 |       0 |   0.0 |      17 |       0 |   0.0
        D:8 |     630 |       0 |   0.0 |      12 |       0 |   0.0
        D:9 |    1832 |    2773 |  60.2 |      17 |       6 |  26.1
       D:10 |    2282 |    2087 |  47.8 |      26 |       6 |  18.8
       D:11 |     837 |       0 |   0.0 |      10 |       0 |   0.0
    Ossuary |       0 |     369 | 100.0 |       0 |      16 | 100.0
            +---------+---------+-------+---------+---------+-------
